 Seeded DCSS version 0.32-a0-975-g85d4e5bfdb (webtiles) character file.

Game seed: 202404186 (custom seed)

92 Orlauf the Twirler (level 4, -2/35 HPs)
             Began as a Demonspawn Gladiator on Apr 18, 2024.
             Slain by an orc
             ... wielding a +0 flail
              (6 damage)
             ... on level 3 of the Dungeon.
             The game lasted 00:02:03 (1438 turns).

Orlauf the Twirler (Demonspawn Gladiator)           Turns: 1438, Time: 00:02:04

Health: -2/35      AC: 12    Str: 16    XL:     4   Next: 35%
Magic:  4/4        EV: 10    Int: 15    God:
Gold:   60         SH:  0    Dex: 16    Spells: 3/3 levels left

rFire   + . .        a - +1 quarterstaff
rCold   + . .        (shield currently unavailable)
rNeg    . . .        o - +3 ring mail of Basupavu {+Blink Int+6 Dex+2 Stlth-}
rPois   +            c - +1 helmet
rElec   +            (no cloak)
rCorr   +            (no gloves)
SInv    .            (no boots)
Will    +....        (no amulet) Stlth
                     (no ring)
HPRegen 0.25/turn    (no ring)
MPRegen 0.09/turn

%: no passive effects
@: confused, mighty, resistant, enlightened, flying, wreathed by umbra
A: slimy green scales 1, demonic guardian 1, foul shadow 1
a: Evoke Blink


You were on level 3 of the Dungeon.
You visited 1 branch of the dungeon, and saw 3 of its levels.

You collected 60 gold pieces.

Inventory:

Hand Weapons
 a - a +1 quarterstaff (weapon)
Missiles
 d - 3 throwing nets (quivered)
 e - a javelin
Armour
 b - a +0 leather armour
 c - a +1 helmet (worn)
 l - a +0 ring mail
 o - the +3 ring mail of Basupavu (worn) {+Blink Int+6 Dex+2 Stlth-}
   (You found it on level 2 of the Dungeon)

   Int+6:     It affects your intelligence (+6).
   Dex+2:     It affects your dexterity (+2).
   +Blink:    It lets you blink.
   Stlth-:    It makes you less stealthy.
Scrolls
 g - a scroll of teleportation
 j - a scroll of poison
Potions
 i - a potion of enlightenment


   Skills:
 + Level 3.1 Fighting
 + Level 1.9(3.0) Polearms
 + Level 3.4(3.7) Staves
 - Level 1.7 Throwing
 - Level 2.6 Dodging


You had 3 spell levels left.
You didn't know any spells.
Your spell library contained the following spells:

 Spells                   Type           Power      Damage    Failure   Level
 Sting                    Conj/Alch      0%         1d3       45%         1
 Mercury Vapours          Alch/Air       0%         N/A       61%         2
 Olgreb's Toxic Radiance  Alch           0%         N/A       99%         4


Dungeon Overview and Level Annotations

Branches:
Dungeon (3/15)

Altars:
Trog


Innate Abilities, Weirdness & Mutations

You are partially covered in slimy green scales. (AC +2)
A weak demonic guardian rushes to your aid.
You are faintly shadowed, very rarely releasing foul flame when damaged in melee.


Message History

You are more confused.
It was a potion of resistance.
You feel protected.
The orc wizard hits you with a +0 dagger.
* * * LOW HITPOINT WARNING * * *
A demonic guardian appears!
You hear some strange, mumbled words.
A puff of flame appears from out of thin air!
The puff of flame hits you but does no damage.
You resist.
You bump into the rock wall.
Something hits you but does no damage.
The orc wizard hits you but does no damage.
You bump into the rock wall.
Something hits you.
* * * LOW HITPOINT WARNING * * *
The orc wizard points at you and mumbles some strange words.
You resist with some effort.
You thump the orc wizard!
You kill the orc wizard!
Something hits you but does no damage.
You bump into the rock wall.
Something hits you but does no damage. The orc hits you but does no damage.
You hit your iron imp.
Your iron imp is lightly wounded.
The orc hits you with a +0 flail.
* * * LOW HITPOINT WARNING * * *
Something hits you but does no damage.
You hit the orc.
The orc is heavily wounded.
The orc closely misses you. Something hits you but does no damage.
Your iron imp barely misses something.
The orc barely misses you. Something hits you.
* * * LOW HITPOINT WARNING * * *
You bump into the rock wall.
Your iron imp closely misses something.
The orc misses you. Something hits you but does no damage.
You are too confused!
You are too confused!
Okay, then.
You feel very buoyant.
You fly up into the air.
The orc hits you with a +0 flail.
You die...

### #..
#.# #.#
#.# #
#5##.#.#
#{@oo.<#
####.###
.. .# #


You could see 2 orcs and a friendly iron imp (summoned).

Vanquished Creatures
  2 orc wizards (D:3)
  An adder (D:2)
  2 dart slugs
  A bat (D:1)
  An endoplasm (D:1)
  3 giant cockroaches
  A goblin (D:1)
  3 hobgoblins (D:1)
  6 jackals
  4 ball pythons (D:1)
  2 frilled lizards (D:1)
  A kobold (D:2)
  3 rats
30 creatures vanquished.

Notes
Turn   | Place    | Note
-------+----------+-------------------------------------------
     0 | D:1      | Orlauf the Demonspawn Gladiator began the quest for the
                  | Orb.
     0 | D:1      | Reached XP level 1. HP: 16/16 MP: 1/1
   134 | D:1      | Found a faded altar of an unknown god.
   146 | D:1      | Gained mutation: You are faintly shadowed, very rarely
                  | releasing foul flame when damaged in melee. [demonic
                  | ancestry]
   146 | D:1      | Reached XP level 2. HP: 20/22 MP: 2/2
   289 | D:1      | Reached skill level 1 in Polearms
  1106 | D:2      | Gained mutation: A weak demonic guardian rushes to your
                  | aid. [demonic ancestry]
  1106 | D:2      | Reached XP level 3. HP: 28/28 MP: 3/3
  1129 | D:2      | Found a bloodstained altar of Trog.
  1176 | D:2      | Identified the +3 ring mail of Basupavu {+Blink Int+6 Dex+2
                  | Stlth-}
  1421 | D:3      | Gained mutation: You are partially covered in slimy green
                  | scales. (AC +2) [demonic ancestry]
  1421 | D:3      | Reached XP level 4. HP: 19/35 MP: 4/4
  1438 | D:3      | Slain by an orc

Illustrated notes

Levels and vault maps discovered:
D:1:      lordsloth_arrival_two_stooges, layout_basic, basic_ecumenical_altar,
          serial_forest, infiniplex_forest_clump_large,
          infiniplex_forest_lined_corner, infiniplex_forest_clump_long,
          infiniplex_forest_zigzag_2, infiniplex_forest_clump_large,
          infiniplex_forest_lined_room_2, bh_walls_and_bars
D:2:      layout_rooms, basic_altar
D:3:      layout_loops_cross, uniq_natasha

Skill      XL: |  1  2  3 |
---------------+----------+-----
Polearms       | 1 |  1.9
Staves         | 3 |  3.4
Fighting       | 3 |  3.1
Throwing       | |  1.7
Dodging        | |  2.6

Action                     |  1- 3 |  4- 6 || total
---------------------------+-------+-------++-------
  Melee: Quarterstaff      |    84 |    10 ||    94
    Use: Scroll            |     7 |       ||     7
         Potion            |       |     3 ||     3
 Armour: Leather armour    |    15 |       ||    15
         Ring mail         |    44 |    27 ||    71
  Dodge: Dodged            |    72 |     4 ||    76

Table legend: (Time is in decaauts)
 A = Elapsed time spent in this place.
 B = Non-inter-level travel time spent in this place.
 C = Inter-level travel time spent in this place.
 D = Time resting spent in this place.
 E = Time spent auto-exploring this place.
 F = Levels seen in this place.
 G = Mean time per level.
                   A        B        C        D        E       F      G
               +--------+--------+--------+--------+--------+-----+--------+
         Total |   1450 |   1429 |     21 |      0 |   1154 |   3 |  483.3 |
       Dungeon |   1450 |   1429 |     21 |      0 |   1154 |   3 |  483.3 |
               +--------+--------+--------+--------+--------+-----+--------+

Top non-repeatable levels by time:
     D:1: 1045 daAuts
     D:2: 376 daAuts
     D:3: 29 daAuts
